 Dungeon Crawl Stone Soup version 0.25-a0-667-gb977e01cb5 (webtiles) character file.

Game seed: 4912495383778927441, levelgen mode: deterministic

8 Gizmo the Magician (level 2, 0/22 HPs)
             Began as a Human Wanderer on Mar 27, 2020.
             Slain by a bat (1 damage)
             ... on level 1 of the Dungeon.
             The game lasted 00:02:11 (357 turns).

Gizmo the Magician (Human Wanderer)                  Turns: 357, Time: 00:02:11

Health: 0/22       AC:  2    Str: 12    XL:     2   Next: 15%
Magic:  6/6        EV: 11    Int: 13    God:
Gold:   0          SH:  0    Dex: 11    Spells: 7/7 levels left

rFire    . . .     SeeInvis .   a - +0 dagger
rCold    . . .     Gourm    .   (no shield)
rNeg     . . .     Faith    .   e - +0 robe
rPois    .         Spirit   .   (no helmet)
rElec    .         Reflect  .   (no cloak)
rCorr    .         Harm     .   (no gloves)
MR       .....                  (no boots)
Stlth    +.........             (no amulet)
HPRegen  0.07/turn              (no ring)
MPRegen  0.10/turn              (no ring)

@: no status effects
A: no striking features
a: no special abilities


You were on level 1 of the Dungeon.
You were not hungry.

You visited 1 branch of the dungeon, and saw 1 of its levels.

Inventory:

Hand Weapons
 a - a +0 dagger (weapon)
Missiles
 b - 2 stones
 c - 10 poisoned darts (quivered)
Armour
 e - a +0 robe (worn)
Comestibles
 d - 5 chunks of flesh
 f - 2 rations


   Skills:
 + Level 1.6 Fighting
 - Level 1.0 Throwing
   Level 1.0 Shields
 - Level 3.0 Spellcasting
   Level 2.0 Charms
   Level 1.0 Fire Magic
   Level 2.0 Earth Magic


You had 7 spell levels left.
You didn't know any spells.
Your spell library contained the following spells:

 Spells                   Type           Power        Failure   Level  Hunger
 Sandblast                Erth           #.....       10%         1    #......
 Freeze                   Ice            #...         22%         1    #......
 Passwall                 Tmut/Erth      #.......     22%         2    ###....
 Stone Arrow              Conj/Erth      #.....       41%         3    ###....
 Frozen Ramparts          Ice            #.....       56%         3    ###....
 Petrify                  Tmut/Erth      #.......     83%         4    #####..
 Lee's Rapid Deconstruct  Erth           #.........   95%         5    ######.


Dungeon Overview and Level Annotations

Branches:
Dungeon (1/15)

Altars:


Message History

You barely miss the bat. The bat hits you but does no damage.
You closely miss the bat. The bat hits you but does no damage.
The bat barely misses you. The bat hits you.
* * * LOW HITPOINT WARNING * * *
The bat hits you but does no damage.
You completely miss the bat. The bat closely misses you.
The bat barely misses you.
You hit the bat but do no damage. The bat closely misses you. The bat hits you.
* * * LOW HITPOINT WARNING * * *
You aren't carrying any items that you can evoke.
Unknown command.
You aren't carrying any potions.
Unknown command.
You hit the bat but do no damage. The bat hits you but does no damage.
The bat closely misses you.
You closely miss the bat. The bat hits you.
* * * LOW HITPOINT WARNING * * *
The bat hits you.
You die...

.># #.# #.# ##### #.#
... #.####### #.#
####........ #@#
............ #b#
####.#######.# #.#
.............#.#.#
####.#########.#.####
...b..).......b.....#
####.#K#######.#.##.#
#...........#.# #
#.#.........#.#


You could see a bat.

Vanquished Creatures
  2 giant cockroaches (D:1)
  A hobgoblin (D:1)
  A jackal (D:1)
  2 kobolds (D:1)
  A rat (D:1)
7 creatures vanquished.

Notes
Turn   | Place    | Note
-------+----------+-------------------------------------------
     0 | D:1      | Gizmo the Human Wanderer began the quest for the Orb.
     0 | D:1      | Gizmo set off with the following items: a +0 dagger, 10
                  | poisoned darts, a +0 robe, a ration; and the following
                  | spells available to memorise: Sandblast, Freeze, Passwall,
                  | Stone Arrow, Frozen Ramparts, Petrify, Lee's Rapid
                  | Deconstruction
     0 | D:1      | Reached XP level 1. HP: 13/13 MP: 4/4
   188 | D:1      | Reached skill level 1 in Fighting
   230 | D:1      | Reached XP level 2. HP: 5/21 MP: 6/6
   355 | D:1      | HP: 1/22 [bat (1)]
   357 | D:1      | Slain by a bat

Levels and vault maps discovered:
D:1:      minmay_arrival_arboretum_small, layout_basic

Skill      XL: |  1 |
---------------+----+-----
Fighting       | 1 |  1.6
Throwing       | |  1.0
Shields        | |  1.0
Spellcasting   | |  3.0
Charms         | |  2.0
Fire Magic     | |  1.0
Earth Magic    | |  2.0

Action                   || total
-------------------------++-------
Melee: Dagger            ||    60
Armor: Robe              ||    19
Dodge: Dodged            ||    49

Table legend:
 A = Non-vault XP
 B = Vault XP
 C = Vault XP percentage of total XP
 D = Non-vault monster count
 E = Vault monster count
 F = Vault count percentage of total count
                 A         B        C        D         E       F
            +---------+---------+-------+---------+---------+-------
      Total |      12 |       0 |   0.0 |       7 |       0 |   0.0
            +---------+---------+-------+---------+---------+-------
        D:1 |      12 |       0 |   0.0 |       7 |       0 |   0.0
            +---------+---------+-------+---------+---------+-------
